 Dungeon Crawl Stone Soup version 0.29-a0-653-gd47aff6735 (webtiles) character file.

Game seed: 9481090429793491231

15813 ytrimaz the Carver (level 12, -11/91 HPs)
             Began as a Demonspawn Berserker on June 21, 2022.
             Was a Priest of Trog.
             Shot with an arrow by a centaur warrior (13 damage)
             ... on level 13 of the Dungeon.
             The game lasted 00:21:29 (13236 turns).

ytrimaz the Carver (Demonspawn Berserker)          Turns: 13236, Time: 00:21:29

Health: -11/91     AC:  8    Str: 21    XL:     12   Next: 4%
Magic:  13/13      EV: 14    Int: 10    God:    Trog [***...]
Gold:   706        SH:  0    Dex: 19    Spells: 11/11 levels left

rFire   . . .      SeeInvis .   j - +6 scimitar "Lyptazut" {vorpal, rC+}
rCold   + . .      Faith    .   (no shield)
rNeg    + . .      Spirit   .   b - +2 ring mail {rN+}
rPois   .          Reflect  .   (helmet restricted)
rElec   .          Harm     .   (cloak unavailable)
rCorr   .          Rampage  .   (no gloves)
Will    +++..                   (no boots)
Stlth   ++........              s - amulet of regeneration
HPRegen 2.05/turn               r - ring "Buxzugargh" {Fly Will+ Stlth+}
MPRegen 0.13/turn               u - +6 ring of dexterity

@: mighty, strong-willed, flying, regenerating
A: hooves 2, horns 1, powered by pain 2, weakness stinger 3
a: Renounce Religion, Berserk, Trog's Hand


You were on level 13 of the Dungeon.
You worshipped Trog.
Trog was most pleased with you.
You visited 1 branch of the dungeon, and saw 13 of its levels.
You also visited: Ossuary and Bailey.

You collected 1445 gold pieces.
You spent 739 gold pieces at shops.

Inventory:

Hand Weapons
 a - a +1 hand axe
 j - the +6 scimitar "Lyptazut" (weapon) {vorpal, rC+}
   (You took it off an orc on level 3 of the Dungeon)

   It inflicts extra damage upon your enemies.
   rC:        It protects you from cold.
Armour
 b - a +2 ring mail of positive energy (worn)
 x - a +1 buckler of cold resistance
 z - +0 steam dragon scales
 D - a +0 kite shield
Jewellery
 r - the ring "Buxzugargh" (left hand) {Fly Will+ Stlth+}
   (You bought it in a shop on level 6 of the Dungeon)

   [ring of flight]

   Fly:       It grants you flight.
   Will:      It increases your willpower.
   Stlth:     It makes you more stealthy.
 s - an amulet of regeneration (around neck)
 u - a +6 ring of dexterity (right hand)
 C - a +6 ring of strength
 F - a ring of willpower
Wands
 c - a wand of polymorph (24)
 o - a wand of flame (25)
 E - a wand of paralysis (14)
 G - a wand of acid (4)
Scrolls
 d - 10 scrolls of teleportation
 q - 3 scrolls of enchant weapon
 t - a scroll of acquirement
 w - a scroll of enchant armour
 H - 2 scrolls of magic mapping
Potions
 e - 7 potions of heal wounds
 f - 2 potions of magic {unknown}
 g - 3 potions of might
 h - a potion of ambrosia
 i - 2 potions of lignification
 k - 3 potions of flight
 l - 6 potions of curing
 m - 3 potions of berserk rage
 n - a potion of attraction {unknown}
 p - 4 potions of mutation
 v - 5 potions of invisibility
 A - a potion of haste
 B - a potion of cancellation


   Skills:
 - Level 7.0 Fighting
 - Level 0.8(8.9) Short Blades
 + Level 13.8 Long Blades
 - Level 4.2 Axes
 - Level 0.7 Staves
 - Level 0.8(1.1) Slings
 + Level 0.8 Bows
 - Level 1.0 Crossbows
 - Level 0.8(1.0) Throwing
 - Level 7.0 Armour
 + Level 6.0 Dodging
 - Level 0.7 Shields
 - Level 1.4 Invocations
 - Level 1.0 Evocations


You had 11 spell levels left.
You didn't know any spells.
Your spell library was empty.

Dungeon Overview and Level Annotations

Branches:
Dungeon (13/15)            Temple (0/1) D:6            Lair (0/6) D:11
    Orc (0/2) D:11        Ossuary (visited)          Bailey (visited)
 Vaults: D:13-14

Altars:
Elyvilon
Gozag
Sif Muna
Xom
Beogh

Shops:
D:6 ??*=   D:12 (

Annotations:
D:8 1 runed translucent door, HypermagicGuardian's ghost, novice OpBr
D:11 1 runed translucent door, exclusion: 4 orange crystal statues
D:13 1 exclusion


Innate Abilities, Weirdness & Mutations

You have hoof-like feet.
You have a pair of small horns on your head.
You sometimes gain power by taking damage.
You have a sharp stinger which inflicts weakening toxins.


Message History

The centaur wields a +0 shortbow.
The centaur shoots an arrow.
The arrow barely misses you.
The centaur warrior wields a +0 shortbow.
The centaur warrior shoots an arrow.
The arrow hits you.
The centaur warrior wields a +0 longbow.
The centaur warrior shoots an arrow.
The arrow closely misses you.
A centaur comes into view.
The centaur shoots an arrow.
The arrow barely misses you.
The centaur warrior shoots an arrow.
The arrow hits you!
You hear a shout!
The centaur warrior shoots an arrow.
The arrow hits you!!
Unknown command.
As you read the scroll of fog, it crumbles to dust.
The scroll dissolves into smoke.
Unknown command.
You reach down and open the door.
There is an open door here.
The centaur warrior shouts!
You hear a shout! x2
The centaur warrior shoots an arrow.
The arrow hits you!!
You focus on the pain.
You feel very mighty all of a sudden.
The centaur warrior shoots an arrow.
The arrow hits you!
* * * LOW HITPOINT WARNING * * *
The centaur warrior unwields a +0 longbow.
The centaur warrior barely misses you.
The centaur warrior kicks you but does no damage.
The centaur wields a +0 shortbow.
The centaur shoots an arrow.
The arrow hits you.
* * * LOW HITPOINT WARNING * * *
Your skin crawls.
You feel strong-willed.
You can no longer call in reinforcements.
The centaur warrior shoots an arrow.
The arrow hits you!!
* * * LOW HITPOINT WARNING * * *
The centaur warrior closely misses you.
The centaur warrior completely misses you.
The centaur shoots an arrow.
The arrow hits you.
* * * LOW HITPOINT WARNING * * *
The centaur warrior shoots an arrow.
The arrow hits you!
You die...

.....#................
.....#......<§§#
.....#......§§§#
.....#......§§§#
.....#......c§§#
######......§§c#
.....#......§§c#+#####
.....#......§.c§c....#
.....#.....§§§.#@....#
......##########.....#
'####.# #......#
......# ########
.)....# ......#
......# ......#
......#


You could see 2 centaur warriors and a centaur.

Vanquished Creatures
  2 two-headed ogres
  2 centaur warriors
  An orc high priest (Bailey)
  A deep elf pyromancer (D:9)
  Pikel (D:4)
  A cyclops (D:12)
  A kobold demonologist (D:13)
  A gargoyle (D:12)
  2 tengu conjurers (D:13)
  A hornet (D:9)
  A troll (D:12)
  4 slime creatures (D:12)
  A shadow (D:11)
  A wraith (D:10)
  2 wyverns (D:11)
  10 yaks
  2 vampires (D:12)
  Eustachio (D:5)
  7 vampire mosquitoes
  A basilisk (D:11)
  3 steam dragons
  An acid dragon (D:10)
  14 orc warriors
  An ice beast (D:6)
  2 black bears (D:6)
  A centaur (D:9)
  A lemure (D:4)
  2 kobold brigands (D:5)
  A phantom (D:6)
  4 bullfrogs
  2 gnoll sergeants (D:11)
  7 scorpions
  14 wights
  5 killer bees (D:10)
  4 howler monkeys
  8 electric eels (Bailey)
  A centaur zombie (Ossuary)
  A gnoll shaman (D:10)
  2 jellies
  2 human zombies (Ossuary)
  13 orc priests
  Crazy Yiuf (D:5)
  4 hounds
  5 iguanas
  11 orc wizards
  4 mummies (Ossuary)
  16 gnolls
  8 adders
  2 white imps
  An ufetubus (D:5)
  2 worms
  3 dart slugs
  45 orcs
  10 ball pythons
  11 endoplasms
  2 giant cockroaches
  18 goblins
  21 hobgoblins
  14 kobolds
  3 quokkas
  3 bats
  A frilled lizard (D:2)
  A goblin zombie (Ossuary)
  A hobgoblin zombie (Ossuary)
  A kobold zombie (Ossuary)
  2 orc zombies (Ossuary)
  2 rats
324 creatures vanquished.

Notes
Turn   | Place    | Note
-------+----------+-------------------------------------------
     0 | D:1      | ytrimaz the Demonspawn Berserker began the quest for the
                  | Orb.
     0 | D:1      | Reached XP level 1. HP: 18/18 MP: 1/1
   471 | D:1      | Discovered your monstrous ancestry.
   471 | D:1      | Gained mutation: You have a small tail. [demonic ancestry]
   471 | D:1      | Reached XP level 2. HP: 16/24 MP: 2/2
  1417 | D:2      | Reached XP level 3. HP: 29/29 MP: 3/3
  1436 | D:2      | Found a shimmering blue altar of Sif Muna.
  2147 | D:2      | Reached ** piety under Trog
  2227 | D:2      | Found a faded altar of an unknown god.
  2333 | D:2      | Gained mutation: You have large cloven feet. [demonic
                  | ancestry]
  2333 | D:2      | Reached XP level 4. HP: 33/37 MP: 4/4
  2478 | D:3      | Identified the +6 scimitar "Lyptazut" {vorpal, rC+}
  2564 | D:3      | Gained mutation: You have a pair of small horns on your
                  | head. [demonic ancestry]
  2564 | D:3      | Reached XP level 5. HP: 39/43 MP: 5/5
  2572 | D:3      | Reached skill level 1 in Long Blades
  2691 | D:3      | Found an opulent altar of Gozag.
  3013 | D:4      | Noticed a lemure
  3019 | D:4      | Reached skill level 2 in Long Blades
  3026 | D:4      | Killed a lemure
  3026 | D:4      | Noticed Pikel
  3032 | D:4      | Killed Pikel
  3033 | D:4      | Reached skill level 5 in Fighting
  3033 | D:4      | Reached skill level 4 in Long Blades
  3033 | D:4      | Gained mutation: You have hoof-like feet. [demonic
                  | ancestry]
  3033 | D:4      | Reached XP level 6. HP: 18/51 MP: 6/6
  3033 | D:4      | Gained mutation: You have a tail ending in a sharp stinger.
                  | [demonic ancestry]
  3033 | D:4      | Reached XP level 7. HP: 20/56 MP: 7/7
  3050 | D:4      | Reached skill level 5 in Long Blades
  3987 | D:5      | Entered Level 5 of the Dungeon
  4049 | D:5      | Reached skill level 6 in Long Blades
  4153 | D:5      | Gained mutation: You sometimes gain a little power by
                  | taking damage. [demonic ancestry]
  4153 | D:5      | Reached XP level 8. HP: 63/63 MP: 8/8
  4159 | D:5      | Reached *** piety under Trog
  4322 | D:5      | Reached skill level 7 in Long Blades
  4350 | D:5      | Found a runed translucent door.
  4351 | D:5      | Noticed Crazy Yiuf
  4444 | D:5      | Noticed Eustachio
  4457 | D:5      | Killed Eustachio
  5032 | D:5      | Killed Crazy Yiuf
  5178 | D:6      | Found Pofimulao's Assorted Antiques.
  5200 | D:6      | Found Caub's Jewellery Shoppe.
  5201 | D:6      | Found Efoimn's Magic Scroll Shoppe.
  5203 | D:6      | Bought a fine marble ring for 115 gold pieces
  5203 | D:6      | Identified the ring "Buxzugargh" {Fly Will+ Stlth+} (You
                  | bought it in a shop on level 6 of the Dungeon)
  5204 | D:6      | Found Gihy's Magic Scroll Shoppe.
  5354 | D:6      | Gained mutation: You have a sharp stinger which inflicts
                  | weakening toxins. [demonic ancestry]
  5354 | D:6      | Reached XP level 9. HP: 23/72 MP: 9/9
  5360 | D:6      | Reached skill level 5 in Armour
  5743 | D:6      | Found a staircase to the Ecumenical Temple.
  6442 | D:7      | Found a sand-covered staircase.
  6461 | Ossuary  | Entered an ossuary
  7084 | D:7      | Reached skill level 1 in Invocations
  7159 | D:7      | Reached skill level 1 in Crossbows
  7159 | D:7      | Reached skill level 1 in Evocations
  7504 | D:7      | Reached **** piety under Trog
  7841 | D:8      | Found a runed translucent door.
  7841 | D:8      | Found a shimmering altar of Xom.
  7841 | D:8      | Noticed HypermagicGuardian's ghost (novice OpBr)
  7842 | D:8      | Noticed a +2 war axe of chaos
  8468 | D:9      | Reached skill level 8 in Long Blades
  8471 | D:9      | Gained mutation: You sometimes gain power by taking damage.
                  | [demonic ancestry]
  8471 | D:9      | Reached XP level 10. HP: 58/79 MP: 11/11
  8557 | D:9      | Found a flagged portal.
  8571 | Bailey   | Entered a bailey
  8718 | Bailey   | Reached skill level 9 in Long Blades
  9069 | Bailey   | Found an iron altar of Okawaru.
  9069 | Bailey   | Noticed an orc sorcerer
  9069 | Bailey   | Noticed an orc high priest
  9073 | Bailey   | Paralysed by an orc sorcerer for 5 turns
  9382 | Bailey   | Noticed a sun demon
  9382 | Bailey   | Noticed a sixfirhy
  9386 | Bailey   | Killed an orc high priest
  9387 | Bailey   | Reached skill level 10 in Long Blades
  9682 | D:9      | Noticed a deep elf pyromancer
  9696 | D:9      | Killed a deep elf pyromancer
 10100 | D:9      | Acquired 636 gold pieces
 10249 | D:6      | Bought a scroll of acquirement for 624 gold pieces
 10340 | D:10     | Entered Level 10 of the Dungeon
 10492 | D:10     | Reached skill level 11 in Long Blades
 10594 | D:10     | Reached XP level 11. HP: 82/84 MP: 12/12
 10629 | D:10     | Noticed a two-headed ogre
 10639 | D:10     | Killed a two-headed ogre
 10790 | D:10     | Noticed a centaur warrior
 10796 | D:10     | Killed a centaur warrior
 10938 | D:10     | Reached skill level 12 in Long Blades
 10941 | D:10     | Reached skill level 5 in Dodging
 11085 | D:11     | Noticed a two-headed ogre
 11104 | D:11     | Killed a two-headed ogre
 11327 | D:11     | Found a runed translucent door.
 11335 | D:11     | Found the +10 tower shield of Ignorance {rN+ Int-4}
 11367 | D:11     | Noticed an orange crystal statue
 11367 | D:11     | Noticed an orange crystal statue
 11367 | D:11     | Noticed an orange crystal statue
 11367 | D:11     | Noticed an orange crystal statue
 11412 | D:11     | Found a staircase to the Orcish Mines.
 11413 | D:11     | Found a runed translucent door.
 11828 | D:11     | Found a staircase to the Lair.
 12055 | D:12     | Found Ychyvetem's Antique Weapon Emporium.
 12151 | D:12     | Reached skill level 13 in Long Blades
 12389 | D:12     | Noticed a seven-headed hydra
 12643 | D:12     | Noticed a centaur warrior
 12650 | D:12     | Killed a centaur warrior
 13047 | D:13     | Noticed a sun demon
 13052 | D:13     | HP: 3/84 [sun demon[a kobold demonologist] (17)]
 13056 | D:13     | Reached XP level 12. HP: 21/91 MP: 13/13
 13213 | D:13     | Noticed a centaur warrior
 13223 | D:13     | Noticed a centaur warrior
 13236 | D:13     | HP: 3/91 [centaur warrior/arrow (20)]
 13236 | D:13     | Shot with an arrow by a centaur warrior

Illustrated notes

Levels and vault maps discovered:
D:1:      minmay_arrival_shattered_statue, layout_basic
D:2:      minmay_angry_zag, layout_rooms, chequers_ecumenical_altar_grove,
          basic_altar
D:3:      layout_rooms, nicolae_gozag_cash_rules_everything_around_me
D:4:      layout_loops_cross, uniq_pikel
D:5:      cheibrodos_thug_alley, layout_loops_ring, minmay_bent, uniq_eustachio,
          uniq_crazy_yiuf_cottage
D:6:      layout_rooms, minmay_temple_entry_crystal_x, minmay_shop_grid_forest,
          hangedman_glass_teeth, lemuel_old_faithful
D:7:      layout_basic, mainiacjoe_overflow_catwalk, enter_ossuary_1
D:8:      layout_gridville, ebering_ghost_xom
D:9:      layout_stronghold, enter_bailey_5
D:10:     layout_loops_cross, minmay_microvault
D:11:     layout_roguey, erik_lair_dragon, minmay_orc_entry_temple_small,
          wad_floor_pattern_2, chequers_guarded_unrand_ignorance
D:12:     layout_loops_cross, serial_shops, shop, small_chamber_with_monster
D:13:     layout_gridville

Skill      XL: |  1  2  3  4  5  6  7  8  9 10 11 12 |
---------------+-------------------------------------+-----
Axes           | 3 4 |  4.2
Fighting       | 4 5 7 |  7.0
Long Blades    | 4 6 7 8 11 13 | 13.8
Armour         | 4 7 |  7.0
Invocations    | 1 |  1.4
Crossbows      | 1 |  1.0
Evocations     | 1 |  1.0
Dodging        | 2 4 5 6 |  6.0
Short Blades   | |  0.8
Staves         | |  0.7
Slings         | |  0.8
Bows           | |  0.8
Throwing       | |  0.8
Shields        | |  0.7

Action                   |  1- 3 |  4- 6 |  7- 9 | 10-12 || total
-------------------------+-------+-------+-------+-------++-------
Melee: Hand axe          |    95 |    13 |       |       ||   108
       Punch             |     3 |       |     4 |     5 ||    12
       Tailslap          |     9 |     2 |    26 |    44 ||    81
       Scimitar          |       |    46 |   269 |   332 ||   647
       Kick              |       |     8 |    74 |    97 ||   179
       Headbutt          |       |     8 |    48 |    70 ||   126
Invok: Berserk           |     2 |     3 |     6 |    11 ||    22
       Trog's Hand       |       |     2 |     6 |    15 ||    23
  Use: Scroll            |     2 |     2 |    12 |     5 ||    21
       Potion            |       |       |     2 |     1 ||     3
 Stab: Sleeping          |     1 |       |     1 |     3 ||     5
       Invisible         |       |       |     1 |       ||     1
       Distracted        |       |       |     1 |       ||     1
Armor: Animal skin       |     5 |       |       |       ||     5
       Ring mail         |    16 |    28 |   100 |    73 ||   217
Dodge: Dodged            |    54 |    31 |   135 |   190 ||   410

Table legend: (Time is in decaauts)
 A = Elapsed time spent in this place.
 B = Non-inter-level travel time spent in this place.
 C = Inter-level travel time spent in this place.
 D = Time resting spent in this place.
 E = Time spent auto-exploring this place.
 F = Levels seen in this place.
 G = Mean time per level.
                   A        B        C        D        E       F      G
               +--------+--------+--------+--------+--------+-----+--------+
         Total |  13419 |  12776 |    643 |   1610 |   8409 |  15 |  894.6 |
       Dungeon |  12113 |  11470 |    643 |   1179 |   8107 |  13 |  931.8 |
       Ossuary |    370 |    370 |      0 |    117 |     59 |   1 |  370.0 |
        Bailey |    936 |    936 |      0 |    314 |    243 |   1 |  936.0 |
               +--------+--------+--------+--------+--------+-----+--------+

Top non-repeatable levels by time:
     D:6: 1372 daAuts
     D:1: 1284 daAuts
     D:2: 1195 daAuts
     D:5: 1152 daAuts
     D:7: 1064 daAuts
     D:4: 1043 daAuts
    D:11: 990 daAuts
    D:12: 968 daAuts
  Bailey: 936 daAuts
     D:9: 840 daAuts
    D:10: 733 daAuts
     D:8: 700 daAuts
     D:3: 546 daAuts
 Ossuary: 370 daAuts
    D:13: 221 daAuts
